[Event "Live Chess"]
[Site "Chess.com"]
[Date "2023.05.20"]
[Round "-"]
[White "VovaOvchar1990"]
[Black "Doge_Dandolo"]
[Result "0-1"]
[WhiteElo "1212"]
[BlackElo "2008"]
[TimeControl "300"]
[EndTime "13:41:54 PDT"]
[Termination "Doge_Dandolo won by checkmate"]

1. e4 c6 2. Bc4 d5 3. exd5 cxd5 4. Bb5+ Bd7 5. Bxd7+ Nxd7 6. Nf3 e6 7. d4 Ngf6 8. c3 Bd6 9. O-O Qc7 10. h3 Ne4 11. Nbd2 Ndf6 12. Re1 O-O 13. Nxe4 Nxe4 14. Ne5 Bxe5 15.
dxe5 b5 16. f4 Rfc8 17. a3 a5 18. Re3 Qc5 19. Qg4 b4 20. axb4 axb4 21. Rxa8 Rxa8 22. Kh2 Ra1 23. Re1 bxc3 24. bxc3 Qxc3 25. Bd2 Nxd2 26. Rxa1 Qxa1 27. f5 Qxe5+ 28. Kh1 Ne4 29. fxe6 Ng3+ 30. Kh2 Ne2+ 31. Kh1 Qxe6 32. Qf3 h6 33. Qb3 d4 34.
Qb8+ Kh7 35. Qb1+ Qg6 36. Qd1 d3 37. Qd2 Qe4 38. Kh2 Nf4 39. Kg3 Qxg2+ 40. Qxg2 Nxg2 41. Kxg2 d2 42. Kf2 d1=Q 43. Kg3 Qd3+ 44. Kg4 f5+ 45. Kh5 Qf3+ 46. Kh4 g5# 0-1

[Event "Live Chess"]
[Site "Chess.com"]
[Date "2023.05.20"]
[Round "-"]
[White "tuppyglossop"]
[Black "Conradical12"]
[Result "1-0"]
[WhiteElo "1633"]
[BlackElo "1570"]
[TimeControl "300"]
[EndTime "13:41:57 PDT"]
[Termination "tuppyglossop won by resignation"]

1. e4 e5 2. f3 Nf6 3. Ne2 Bc5 4. Nbc3 O-O 5. Ng3 d6 6. Bc4 Nc6 7. d3 Nd4 8. Bd2 c6 9. Nce2 Qb6 10. Nxd4 Bxd4 11.
Bb3 Bxb2 12. Rb1 Bd4 13. Bxf7+ 1-0

[Event "Live Chess"]
[Site "Chess.com"]
[Date "2023.05.20"]
[Round "-"]
[White "MaximKris"]
[Black "EdenHazard8"]
[Result "1-0"]
[WhiteElo "1847"]
[BlackElo "2057"]
[TimeControl "300"]
[EndTime "13:42:04 PDT"]
[Termination "MaximKris won by checkmate"]

1. e4 c6 2. Nf3 d5 3. Nc3 dxe4 4. Nxe4 Nf6 5. Nxf6+ exf6 6. d4 Bd6 7. Bd3 O-O 8. O-O Re8 9. Re1 Nd7 10. Rxe8+ Qxe8 11. Be3 Nf8 12. Qd2 Be6 13. Re1 Qd7 14. a3 Bc7 15. Bf4 Ng6 16. Bxc7 Qxc7 17. c3 Nf4 18. Qe3 Nxd3 19. Qxd3 Re8 20. Qe3 g6 21. Qd2 Kg7 22. h3 Qd7 23. Qf4 Bd5 24. Rxe8 Qxe8 25. Qe3 Qxe3 26. fxe3 g5 27. Nd2 f5 28. g4 fxg4 29.
hxg4 Kg6 30. e4 Be6 31. Nf3 f6 32. Nh2 h5 33. gxh5+ Kxh5 34. Kg2 g4 35. Kg3 Kg5 36. Nf1 f5 37. exf5 Kxf5 38. Ne3+ Ke4 39. Nxg4 Bxg4 40. Kxg4 Kd3 41. Kf5 Kc2 42. c4 b5 43. d5 bxc4 44.
dxc6 Kxb2 45. c7 c3 46. c8=Q c2 47. Qh8+ Kb1 48. Qb8+ Ka2 49. Qh2 Kb1 50. Qb8+ Ka2 51. Qg8+ Kb2 52. Qg7+ Ka2 53. Qc3 Kb1 54. Qb3+ Kc1 55.
Ke4 Kd2 56. Qd3+ Kc1 57. Kd4 a5 58. Kc3 Kb1 59. Qxc2+ Ka1 60. Qb2# 1-0

[Event "Live Chess"]
[Site "Chess.com"]
[Date "2023.05.20"]
[Round "-"]
[White "Fazer180"]
[Black "KGreenGator"]
[Result "1-0"]
[WhiteElo "1756"]
[BlackElo "1770"]
[TimeControl "300"]
[EndTime "13:42:10 PDT"]
[Termination "Fazer180 won by checkmate"]

1. e4 c5 2. Nf3 Nc6 3. d4 cxd4 4. Nxd4 e5 5. Nb5 d6 6. N1c3 a6 7. Na3 Nf6 8. f3 Be7 9. Nd5 Nxd5 10. exd5 Nd4 11.
c3 Nf5 12. Bd3 O-O 13. Qc2 g6 14. O-O Qb6+ 15. Kh1 Ne3 16. Qf2 Nxd5 17. Qxb6 Nxb6 18. Be3 Nd5 19. Bh6 Re8 20. Bc4 Be6 21. Rfd1 Nc7 22. Bxe6 Nxe6 23. Nc4 Red8 24. Rd2 Bg5 25. Bxg5 Nxg5 26.
Rxd6 Rxd6 27. Nxd6 Rb8 28. Nc4 f6 29. Rd1 Ne6 30.
Rd6 Kf7 31. Rd7+ Kg8 32. Ne3 b5 33. Rd6 Nc5 34. Rxf6 Kg7 35. Rc6 Na4 36. Rxa6 Nxb2 37. Kg1 Nc4 38. Nxc4 bxc4 39. Rc6 Rb1+ 40. Kf2 Rb2+ 41.
Kg3 Rxa2 42. Rxc4 Rc2 43. Rc5 Kf6 44. Rc7 h5 45. c4 g5 46. c5 h4+ 47. Kh3 Rc4 48.
c6 Ke6 49. Rc8 Kd6 50. Rg8 Kxc6 51. Rxg5 Kd6 52. Rg4 Rxg4 53. Kxg4 Kd5 54. Kxh4 e4 55.
fxe4+ Kxe4 56. Kg5 Ke5 57. h4 Ke6 58. Kg6 Ke7 59.
Kg7 Ke6 60. g4 Ke5 61. h5 Kf4 62. h6 Kxg4 63. h7 Kg5 64. h8=Q Kf5 65. Qh6 Kg4 66.
Qf6 Kg3 67. Kg6 Kg4 68. Qf5+ Kh4 69. Qg5+ Kh3 70. Kf5 Kh2 71. Kf4 Kh3 72. Qg3# 1-0

[Event "Live Chess"]
[Site "Chess.com"]
[Date "2023.05.20"]
[Round "-"]
[White "Stanbad1"]
[Black "gmnorfolk"]
[Result "0-1"]
[WhiteElo "2408"]
[BlackElo "2101"]
[TimeControl "300"]
[EndTime "13:42:12 PDT"]
[Termination "gmnorfolk won by resignation"]

1. d4 Nf6 2. Nc3 d5 3. Bf4 e6 4. Nb5 Bb4+ 5. c3 Ba5 6. Qa4 Nc6 7. Nf3 O-O 8. Ne5 Bb6 9. Nxc6 bxc6 10. Na3 c5 11.
Nc2 cxd4 12. cxd4 c5 13. dxc5 Bxc5 14. e3 Ne4 15. Bd3 g5 16. Be5 f6 17. Bd4 e5 18. Bxe4 exd4 19. Qb3 Be6 20. exd4 Qa5+ 21. Kf1 Rab8 22. Bxd5 Kh8 23. Qf3 Qb5+ 24. Kg1 Qxb2 25. Bxe6 Qxa1+ 26. Nxa1 Rb1+ 0-1

[Event "Live Chess"]
[Site "Chess.com"]
[Date "2023.05.20"]
[Round "-"]
[White "KeithArkell"]
[Black "therealab0ne"]
[Result "1-0"]
[WhiteElo "2615"]
[BlackElo "702"]
[TimeControl "300"]
[EndTime "13:42:16 PDT"]
[Termination "KeithArkell won by resignation"]

1. d4 d5 2. Nf3 e6 3. c4 Nf6 4. Nc3 c5 5. cxd5 exd5 6. Bg5 Bg4 7. Ne5 Be7 8. Bxf6 Bxf6 9. Nxg4 Nc6 10. dxc5 d4 11.
Ne4 Be7 12. Nd6+ Bxd6 13. cxd6 Qxd6 14. h4 h6 15. h5 O-O 16. a3 Rfe8 17. g3 d3 18. Ne3 Nb4 19. exd3 Nxd3+ 20. Qxd3 Qxd3 21.
Bxd3 Rad8 22. Ke2 Kf8 23. Rhc1 Re5 24. Rc7 Rxh5 25. Rac1 g6 26. Rxb7 Rh2 27. Rcc7 1-0

[Event "Live Chess"]
[Site "Chess.com"]
[Date "2023.05.20"]
[Round "-"]
[White "Pandreq"]
[Black "BostonStrangler"]
[Result "0-1"]
[WhiteElo "1276"]
[BlackElo "2052"]
[TimeControl "300"]
[EndTime "13:42:19 PDT"]
[Termination "BostonStrangler won by checkmate"]

1. d4 Nf6 2. c4 c5 3. d5 b5 4. b3 bxc4 5. bxc4 d6 6. Bb2 g6 7.
Nf3 Bg7 8. Nc3 O-O 9. Qc2 Qa5 10. Nd2 Na6 11. e4 Nb4 12. Qc1 Rb8 13. Nb3 Qd8 14.
Be2 a5 15. a4 Nbxd5 16. Nxa5 Nxc3 17. Nc6 Rxb2 18. Nxd8 Rxe2+ 19. Kf1 Nfxe4 20. g3 Rxf2+ 21. Ke1 Re2+ 22. Kf1 Bh3+ 23. Kg1 Nd2 24. Qxc3 Rg2# 0-1

[Event "Live Chess"]
[Site "Chess.com"]
[Date "2023.05.20"]
[Round "-"]
[White "Shepherds_Pie"]
[Black "MartaMost"]
[Result "1-0"]
[WhiteElo "1919"]
[BlackElo "1058"]
[TimeControl "300"]
[EndTime "13:42:20 PDT"]
[Termination "Shepherds_Pie won by resignation"]

1. c4 e5 2. Nc3 Bb4 3. Qc2 Bxc3 4. Qxc3 Nc6 5. e3 Qf6 6. b3 e4 7. Bb2 Qxc3 8. Bxc3 f6 9. f4 d6 10. g3 Bg4 11. Bg2 Bf5 12. a3 O-O-O 13. Ne2 Nge7 14. h3 d5 15. g4 Be6 16. f5 Bf7 17. cxd5 Bxd5 18. Nf4 Bxb3 19. Bxe4 Bd5 20. Nxd5 Nxd5 21. Rc1 Nxc3 22. Rxc3 Ne5 23. Ke2 Rd6 24. Rb1 b6 25.
Rbc1 c5 26. d4 Nd7 27. dxc5 Nxc5 28. Bf3 Rhd8 29. R1c2 Kb8 30. h4 Rd1 31. Rc1 R1d2+ 32. Kf1 R2d3 33. Rxd3 Rxd3 34. Ke2 Rxa3 35. Rd1 Kc7 36. Rd4 Ra2+ 37. Kf1 a5 38. g5 fxg5 39. hxg5 Ra3 40. Kf2 Ra2+ 41. Kg3 a4 42. f6 gxf6 43. gxf6 Ne6 44. Re4 Kd6 45. f7 a3 46. Rxe6+ Kxe6 47.
f8=Q Rb2 48. Qxa3 Rb1 49. Qa2+ 1-0

[Event "Live Chess"]
[Site "Chess.com"]
[Date "2023.05.20"]
[Round "-"]
[White "toog"]
[Black "ItsNot_Jasper"]
[Result "1-0"]
[WhiteElo "2612"]
[BlackElo "1334"]
[TimeControl "300"]
[EndTime "13:42:20 PDT"]
[Termination "toog won by resignation"]

1. e4 c6 2. Nf3 d5 3. Nc3 Bg4 4. h3 Bxf3 5. Qxf3 e6 6. Be2 Nf6 7. O-O Be7 8. d3 O-O 9. Qg3 Re8 10. Bh6 g6 11. a4 dxe4 12. dxe4 Bf8 13. Bg5 Bg7 14.
e5 h6 15. exf6 hxg5 16. fxg7 Kxg7 17. Rad1 Qb6 18. Ne4 Nd7 19. Rxd7 1-0

[Event "Live Chess"]
[Site "Chess.com"]
[Date "2023.05.20"]
[Round "-"]
[White "FlyingChessKestrel13"]
[Black "Duke_of_Bebington"]
[Result "1-0"]
[WhiteElo "2106"]
[BlackElo "1576"]
[TimeControl "300"]
[EndTime "13:42:31 PDT"]
[Termination "FlyingChessKestrel13 won by resignation"]

1. e4 e5 2. d4 exd4 3. c3 dxc3 4. Bc4 Nf6 5. Nxc3 d6 6. Nge2 g6 7. O-O Bg7 8. Qb3 O-O 9. f4 Nc6 10. Bd5 Nxd5 11. exd5 Ne7 12. Ng3 b6 13. Be3 Bb7 14.
Rfd1 Re8 15. Bf2 Qc8 16. Rac1 Nf5 17. Nb5 Nxg3 18. hxg3 Qf5 19. Nxc7 Re2 20. Nxa8 Rxb2 21. Qd3 Qxd3 22. Rxd3 Bf8 23. Nc7 Rxa2 24. Rcc3 a6 25. Bxb6 Bg7 26. Ra3 Rb2 27. Bd4 Rb1+ 28. Kh2 1-0

[Event "Live Chess"]
[Site "Chess.com"]
[Date "2023.05.20"]
[Round "-"]
[White "MarkLim1"]
[Black "chessfiction"]
[Result "0-1"]
[WhiteElo "1654"]
[BlackElo "2404"]
[TimeControl "300"]
[EndTime "13:42:31 PDT"]
[Termination "chessfiction won by resignation"]

1. d3 e5 2. Nf3 Nc6 3. g3 h5 4. Bg2 h4 5. O-O d5 6. c4 d4 7. b4 hxg3 8. hxg3 Bh3 9. b5 Nce7 10. Nxe5 Bxg2 11. Kxg2 Qd6 12. Nf3 Nf6 13. Bf4 Qe6 14.
Bxc7 Qh3+ 0-1

[Event "Live Chess"]
[Site "Chess.com"]
[Date "2023.05.20"]
[Round "-"]
[White "bristolunichess"]
[Black "Brooms1989"]
[Result "1-0"]
[WhiteElo "1824"]
[BlackElo "1018"]
[TimeControl "300"]
[EndTime "13:42:41 PDT"]
[Termination "bristolunichess won by checkmate"]

1. e4 e5 2. Bc4 Nf6 3. d3 Bc5 4. Ne2 Nc6 5. O-O h6 6. Nbc3 d6 7. Kh1 Ng4 8. Be3 Bxe3 9. fxe3 Nxe3 10. Bxf7+ Ke7 11. Nd5+ Kd7 12. Nxe3 Rf8 13. Bg6 Qe7 14. Nd5 Rxf1+ 15. Qxf1 Nd4 16. Nxe7 Kxe7 17. Qf7+ Kd8 18. Qe8# 1-0

[Event "Live Chess"]
[Site "Chess.com"]
[Date "2023.05.20"]
[Round "-"]
[White "seabuck"]
[Black "Nazar_777"]
[Result "0-1"]
[WhiteElo "1851"]
[BlackElo "1606"]
[TimeControl "300"]
[EndTime "13:43:00 PDT"]
[Termination "Nazar_777 won by resignation"]

1. d4 e6 2. c4 a6 3. e4 h5 4.
Nc3 c5 5. d5 Nf6 6. e5 Ng8 7. d6 b6 8. f4 Nh6 9. Nf3 Bb7 10. Bd3 Nc6 11. O-O g6 12. Ne4 Bg7 13. b3 Nf5 14. Bb2 Qc8 15. Re1 h4 16. Neg5 Ncd4 17. Nxd4 cxd4 18. Bxf5 gxf5 19. Qxd4 Bh6 20. Nf3 Qc6 21. Re2 h3 22. Rf1 Rg8 23. g3 Qc5 24. Qxc5 bxc5 25. Kf2 Bc6 26. Bc3 a5 27. Rb1 Be4 28.
Rbb2 Rf8 29. Nd2 Bc6 30. Nf3 Bg7 31. Bd2 f6 32. Bc3 fxe5 33. Bxe5 Bxe5 34. Nxe5 Be4 35. Red2 Rg8 36. Nf3 Kf7 37. Ng5+ Kf6 38. Nxe4+ fxe4 39. Ke3 Kf5 40. a3 Ra6 41. Rd1 Rg6 42. Rg1 e5 43.
Rf1 Rg4 44. Rd2 Ke6 45. fxe5 Kxe5 46. Rd5+ Ke6 47. Rff5 Rxd6 48. Rfe5+ Kf6 49. Rxe4 Re6 50. Rxe6+ dxe6 51. Rxc5 e5 52. Rxa5 Kf5 53. b4 Re4+ 54. Kf3 Rxc4 55. b5 Rc3+ 56. Ke2 Rc2+ 57. Ke3 Rxh2 58.
b6 Rb2 59. Ra6 h2 60. b7 h1=Q 61. g4+ Kxg4 62. b8=Q Rxb8 0-1

[Event "Live Chess"]
[Site "Chess.com"]
[Date "2023.05.20"]
[Round "-"]
[White "BillythekidFellowes"]
[Black "JanMur7"]
[Result "1/2-1/2"]
[WhiteElo "2036"]
[BlackElo "1983"]
[TimeControl "300"]
[EndTime "13:43:03 PDT"]
[Termination "Game drawn - insufficient material"]

1. e4 e5 2. Nf3 Nc6 3. Bc4 Bc5 4. c3 Nf6 5. d3 a6 6. Bg5 h6 7. Bh4 g5 8. Bg3 d6 9. Nbd2 Bg4 10. h3 Bh5 11.
Qb3 Na5 12. Qa4+ c6 13. b4 b5 14. Qa3 Nxc4 15. dxc4 Bb6 16. O-O Bg6 17. Rfe1 Nh5 18. Bh2 Nf4 19. Bxf4 gxf4 20. c5 dxc5 21. bxc5 Bc7 22.
Rad1 Qe7 23. c4 O-O 24. Qc3 Kh7 25. Nb3 Bh5 26. g4 fxg3 27. fxg3 Qe6 28. Kh2 Qxc4 29. Qe3 Qe6 30. g4 Bg6 31. Re2 Rad8 32. Rf1 Rd7 33. Nh4 Rfd8 34. g5 Rd3 35. Qf2 Qxh3+ 36. Kg1 Rg3+ 37.
Ng2 Rxg5 38. Nd2 Bh5 39. Nf3 Bxf3 40. Qxf3 Qxf3 41. Rxf3 Kg7 42. Kf2 Rd4 43. Ne3 Kg6 44.
Nf5 Rd7 45. Nh4+ Kh7 46. Nf5 Rh5 47. Rg3 Rh2+ 48. Rg2 Rxg2+ 49. Kxg2 Rd3 50. Kf1 Ba5 51. Rg2 Rd1+ 52. Ke2 Rd2+ 53. Kf3 Rxg2 54. Kxg2 Bb4 55. Ne7 Bxc5 56. Nxc6 b4 57. Nxe5 Kg7 58. Nd3 Be7 59.
Kf3 a5 60. e5 a4 61. Ke4 b3 62. axb3 axb3 63. Nb2 Ba3 64. Nc4 b2 65. Nxa3 h5 66.
Nb1 Kg6 67. Kf4 f6 68. exf6 Kxf6 69. Kg3 Kg5 70. Kh3 h4 71. Kg2 Kh5 72. Kh2 Kg4 73. Kg2 h3+ 74. Kh2 Kh4 75. Kg1 Kg3 76. Kh1 h2 77.
Nd2 Kh3 78. Nf1 b1=N 79. Nd2 Nc3 80. Nf3 Ne4 81. Ng1+ Kh4 82. Nf3+ Kh5 83. Nxh2 1/2-1/2

[Event "Live Chess"]
[Site "Chess.com"]
[Date "2023.05.20"]
[Round "-"]
[White "Pablo_dmp"]
[Black "EdvancedChess"]
[Result "1/2-1/2"]
[WhiteElo "1882"]
[BlackElo "1902"]
[TimeControl "300"]
[EndTime "13:43:07 PDT"]
[Termination "Game drawn by repetition"]

1. e4 e5 2. Nc3 Nc6 3. Bc4 Nf6 4. d3 Bb4 5. Ne2 d6 6. a3 Ba5 7. b4 Bb6 8. Bg5 h6 9. Bh4 Be6 10. Nd5 Bxd5 11. exd5 Nd4 12. c3 Nf5 13. Bg3 Nxg3 14. hxg3 Ng4 15. d4 Qf6 16. O-O exd4 17. Nxd4 O-O-O 18. Qxg4+ Kb8 19. a4 h5 20. Qf3 Bxd4 21. cxd4 Qxd4 22. Qd3 Qf6 23. b5 h4 24. g4 h3 25.
gxh3 Qg5 26. Kg2 Rdf8 27. f4 Qh6 28. g5 Qh4 29. Qg3 Qh5 30. Rf2 f6 31. Be2 Qg6 32. gxf6 Qxf6 33. Qg5 Qxa1 34. Bg4 Qxa4 35. Qxg7 Qxb5 36.
Rb2 Qxd5+ 37. Bf3 Qg8 38. Rxb7+ Kc8 39. Rxc7+ Kd8 40. Rd7+ Kc8 41. Rc7+ Kd8 42. Rd7+ Kc8 43. Rc7+ 1/2-1/2

[Event "Live Chess"]
[Site "Chess.com"]
[Date "2023.05.20"]
[Round "-"]
[White "raminguy"]
[Black "ViktorTheCoolBoy"]
[Result "0-1"]
[WhiteElo "1964"]
[BlackElo "2498"]
[TimeControl "300"]
[EndTime "13:43:25 PDT"]
[Termination "ViktorTheCoolBoy won by resignation"]

1. d4 d5 2. Nc3 Nf6 3. Bf4 e6 4. Nb5 Na6 5. e3 Be7 6. h3 O-O 7. g4 Ne4 8. Bd3 c6 9. Nc3 f5 10. gxf5 exf5 11. Nf3 Nc7 12. Rg1 Ne6 13. Bh6 Kh8 14. Bf4 Nxf4 15. exf4 Bh4 16. Bxe4 fxe4 17. Nxh4 Qxh4 18. Qg4 Bxg4 19. Rxg4 Qxh3 0-1

[Event "Live Chess"]
[Site "Chess.com"]
[Date "2023.05.20"]
[Round "-"]
[White "Wild_Tiger"]
[Black "Singapourfeuj"]
[Result "0-1"]
[WhiteElo "1072"]
[BlackElo "2238"]
[TimeControl "300"]
[EndTime "13:43:31 PDT"]
[Termination "Singapourfeuj won by resignation"]

1. d4 Nf6 2. Nf3 g6 3. e3 Bg7 4. Bd3 O-O 5. h4 d5 6. Ne5 Nbd7 7.
f4 Ne4 8. h5 Nxe5 9. fxe5 f6 10. hxg6 hxg6 11. Nd2 Bf5 12. Nxe4 Bxe4 13. Bxe4 dxe4 14.
Qg4 fxe5 15. Qxg6 Qd6 16. Qh7+ Kf7 17. Rf1+ Ke8 18. Qxg7 Rxf1+ 19. Kxf1 exd4 20. Qg8+ Kd7 21. Qxa8 d3 22. Bd2 dxc2 23. Ke1 Qg3+ 24. Kf1 Qd6 25. Ke2 Qg3 26. Rg1 Qg4+ 27. Kf1 Qd1+ 28. Kf2 Qxd2+ 29. Kg3 Qxe3+ 30. Kh2 Qxg1+ 31. Kxg1 c1=Q+ 32. Kh2 Qf4+ 33. g3 Qf2+ 34. Kh3 Qxb2 35. a4 e3 36. Qxa7 e2 37. Qf2 Qe5 38. Qe1 Qe3 39. Kh4 Qd4+ 40. g4 Qd1 41. Qg3 e1=Q 42. Kh5 Qxg3 0-1

[Event "Live Chess"]
[Site "Chess.com"]
[Date "2023.05.20"]
[Round "-"]
[White "lucaskk818"]
[Black "manthanit"]
[Result "1-0"]
[WhiteElo "1886"]
[BlackElo "1007"]
[TimeControl "300"]
[EndTime "13:43:37 PDT"]
[Termination "lucaskk818 won by resignation"]

1. d4 e6 2. c4 d5 3. Nf3 c5 4. cxd5 exd5 5. Nc3 a6 6. Bf4 Nc6 7. e3 Be6 8. Be2 Qb6 9. b3 cxd4 10. Nxd4 Bb4 11.
Rc1 Nf6 12. Nxe6 fxe6 13. O-O O-O 14. h3 Rac8 15. Qc2 d4 16. Na4 Qd8 17. Rfd1 e5 18. Bh2 b5 19. Nb2 Bc3 20. Nd3 Nb4 21. Nxb4 Bxb4 22.
Qxc8 Qxc8 23. Rxc8 Rxc8 24. exd4 exd4 25. Rxd4 Rc1+ 26. Rd1 Bd2 27. Rxc1 Bxc1 28. Kf1 Ne4 29. Bf3 Nd2+ 30. Ke2 Nxf3 31. Kxf3 g6 32. Ke4 Kf7 33.
Kd5 Ke7 34. Kc6 Bd2 35. Kb6 a5 36. Kxb5 Ke6 37. Bc7 Kd5 38. Bxa5 1-0

[Event "Live Chess"]
[Site "Chess.com"]
[Date "2023.05.20"]
[Round "-"]
[White "Delacorta"]
[Black "trekker123"]
[Result "0-1"]
[WhiteElo "1422"]
[BlackElo "2087"]
[TimeControl "300"]
[EndTime "13:43:43 PDT"]
[Termination "trekker123 won by resignation"]

1. d4 d5 2. Nf3 Nf6 3. e3 g6 4. Be2 Bg7 5. Nbd2 O-O 6. Nf1 c5 7.
Ng3 b6 8. h4 h5 9. c3 Nbd7 10.
Ng5 Bb7 11. Bxh5 Nxh5 12. Nxh5 gxh5 13. Qxh5 Nf6 14. Qe2 cxd4 15. exd4 Qd7 16. h5 Bh6 17. Nxf7 Bxc1 18. Rxc1 Rxf7 19. h6 Qg4 20. h7+ Kh8 21. Qe5 Qe4+ 22. Qxe4 Nxe4 0-1

[Event "Live Chess"]
[Site "Chess.com"]
[Date "2023.05.20"]
[Round "-"]
[White "toog"]
[Black "AttackingSnowLeopard"]
[Result "1-0"]
[WhiteElo "2613"]
[BlackElo "2053"]
[TimeControl "300"]
[EndTime "13:43:51 PDT"]
[Termination "toog won by resignation"]

1. e4 e5 2. d4 exd4 3. c3 d5 4.
exd5 Qxd5 5. cxd4 Nc6 6. Nf3 Bg4 7. Be2 Nf6 8. Nc3 Bb4 9. O-O Qd8 10. d5 Ne7 11. Qa4+ Qd7 12. Qxb4 O-O 13. Ne5 Qf5 14. Nxg4 Nxg4 15. Qxg4 1-0

[Event "Live Chess"]
[Site "Chess.com"]
[Date "2023.05.20"]
[Round "-"]
[White "friarnator"]
[Black "flyingpuffins"]
[Result "1-0"]
[WhiteElo "1989"]
[BlackElo "1946"]
[TimeControl "300"]
[EndTime "13:43:58 PDT"]
[Termination "friarnator won by resignation"]

1. d4 d5 2. Nc3 Nf6 3. Bf4 a6 4.
e3 c5 5. Nf3 cxd4 6. exd4 Bg4 7. Be2 e6 8. O-O Bd6 9. Ne5 Bxe2 10. Nxe2 Nc6 11. c3 O-O 12. Ng3 Bc7 13. Re1 Nd7 14. Qg4 Nf6 15. Qf3 Nd7 16. Re2 Rc8 17. Rae1 Qf6 18.
Qg4 Ndxe5 19. dxe5 Qg6 20. Qf3 Bb6 21. h4 h6 22. h5 Qh7 23. Qg4 Ne7 24. Kf1 Rc4 25. Qf3 Nf5 26. Nxf5 Qxf5 27. Be3 Qxf3 28. gxf3 Bc7 29.
Bd4 Bd8 30. f4 Be7 31. Re3 Rfc8 32. Rg3 b5 33. a3 a5 34. Ke2 b4 35. axb4 axb4 36. Reg1 bxc3 37. Rxg7+ Kh8 38. bxc3 Rf8 39. f5 exf5 40. e6 Rxd4 41. cxd4 Bf6 42. Rxf7 1-0

[Event "Live Chess"]
[Site "Chess.com"]
[Date "2023.05.20"]
[Round "-"]
[White "terrub10"]
[Black "Supertromp"]
[Result "0-1"]
[WhiteElo "725"]
[BlackElo "2191"]
[TimeControl "300"]
[EndTime "13:44:06 PDT"]
[Termination "Supertromp won by checkmate"]

1. d4 Nf6 2. Bg5 d5 3. Bxf6 exf6 4. Nc3 c6 5. Nf3 Bb4 6. e4 O-O 7. exd5 Qxd5 8. Qd2 Re8+ 9. Be2 Bg4 10. Nxd5 Bxd2+ 11. Kxd2 cxd5 12. Ne1 Rxe2+ 13. Kd1 Rxf2+ 14. Nf3 Rxf3 15. gxf3 Bxf3+ 16. Kd2 Bxh1 17. Rxh1 Nc6 18. Re1 Nxd4 19. Re8+ Rxe8 20. c3 Nf3+ 21. Kd3 Nxh2 22. c4 Ng4 23. cxd5 h5 24. Kc4 h4 25. Kc5 h3 26. Kd6 h2 27.
Kd7 Kf8 28. d6 h1=Q 29. Kc7 Qc6# 0-1

[Event "Live Chess"]
[Site "Chess.com"]
[Date "2023.05.20"]
[Round "-"]
[White "Reggie016"]
[Black "LL220284LL"]
[Result "0-1"]
[WhiteElo "1070"]
[BlackElo "2392"]
[TimeControl "300"]
[EndTime "13:44:18 PDT"]
[Termination "LL220284LL won by resignation"]

1. e4 g6 2. d4 d5 3. e5 c5 4. c3 Bg7 5. Nf3 Nc6 6. Be3 Bg4 7. dxc5 Nxe5 8. Be2 Bxf3 9. Bxf3 e6 10. O-O Nf6 11.
Re1 Nxf3+ 12. Qxf3 O-O 13. Bd4 Ne4 14. Bxg7 Kxg7 15.
Na3 Nxc5 16. b4 Ne4 17. Nb5 a6 18. Nd4 Rc8 19. Rxe4 dxe4 20. Qxe4 Rxc3 21. Rd1 Qf6 0-1

[Event "Live Chess"]
[Site "Chess.com"]
[Date "2023.05.20"]
[Round "-"]
[White "siddu198"]
[Black "Inglaterra"]
[Result "1-0"]
[WhiteElo "1624"]
[BlackElo "2044"]
[TimeControl "300"]
[EndTime "13:44:25 PDT"]
[Termination "siddu198 won on time"]

1. d4 d5 2. Nf3 Nc6 3. Bf4 Bg4 4. Nc3 e6 5. e3 Bd6 6. g3 Nge7 7. Be2 h6 8. h3 Bxf3 9. Bxf3 Bb4 10. g4 Qd7 11. Qd3 Ng6 12. Bg3 O-O-O 13. a3 Bxc3+ 14. Qxc3 f6 15.
h4 e5 16. dxe5 Ngxe5 17. Bxe5 Nxe5 18. Be2 Nxg4 19. Rg1 h5 20. O-O-O Nxf2 21. Rdf1 Ne4 22.
Qd3 Kb8 23. Bf3 Qe6 24. Rg6 Qf5 25. Rfg1 Qxf3 26. Rxg7 Nd6 27. R1g3 Qh1+ 28. Rg1 Qxh4 29. Qxd5 Qe4 30. Qc5 Qc6 31. Qb4 h4 32. R7g4 h3 33.
Rh4 Rxh4 34. Qxh4 Nf5 35. Qxh3 Qe6 36. Re1 b6 37. e4 Nd4 38. Qe3 Nc6 39. Qf3 Ne5 40. Qg3 Qa2 41. c3 Nd3+ 42. Qxd3 Rxd3 43. Kc2 Qc4 44. Rh1 Rf3 45. Rh8+ Kb7 46. Rh7 Qd3+ 47. Kb3 Qxe4 48. Rh1 Qe6+ 49. Kc2 Rf2+ 50. Kd3 Qd6+ 51. Ke3 Qe5+ 52. Kxf2 1-0

[Event "Live Chess"]
[Site "Chess.com"]
[Date "2023.05.20"]
[Round "-"]
[White "jennybobby44"]
[Black "defenderalist"]
[Result "0-1"]
[WhiteElo "1848"]
[BlackElo "1612"]
[TimeControl "300"]
[EndTime "13:44:27 PDT"]
[Termination "defenderalist won by checkmate"]

1. Nf3 b6 2. g3 Bb7 3. Bg2 g6 4. d4 Bg7 5. O-O e6 6. c4 Ne7 7. b3 O-O 8. Bb2 c5 9. e3 cxd4 10. exd4 Nbc6 11. a3 Nf5 12. Ra2 d5 13. Ne5 Nxe5 14.
dxe5 Qc7 15. cxd5 exd5 16. Bxd5 Rad8 17. Nc3 Bxe5 18. Nb5 Qb8 19. Bxf7+ Kxf7 20. Qe2 Bxb2 21. Rxb2 Rfe8 22. Qc4+ Bd5 23. Qc3 Qe5 24. Qxe5 Rxe5 25.
Rd2 Rd7 26. f4 Ree7 27. Rfd1 Bc6 28. Nc3 Rxd2 29. Rxd2 Bb7 30. Kf2 Ng7 31. h3 Ne6 32. Ne2 Nc5 33. Rb2 Ne4+ 34. Ke1 Nxg3 35. Kf2 Nxe2 36. Rxe2 Rxe2+ 37. Kxe2 Kf6 38. Ke3 Kf5 39. a4 Bd5 40. b4 Bb3 41. a5 bxa5 42. bxa5 a6 43. h4 Ba4 44. Kd4 Bb5 45. Ke3 h5 46. Kf3 Bc6+ 47. Kg3 Ke4 48. f5 Kxf5 49. Kh3 Kf4 50.
Kh2 Kg4 51. Kg1 Kxh4 52. Kh2 Kg5 53. Kg3 h4+ 54. Kh3 Kh5 55. Kh2 g5 56. Kh3 g4+ 57.
Kh2 h3 58. Kg3 Kg5 59. Kf2 Kh4 60. Ke3 g3 61. Kd4 h2 62. Kc5 h1=Q 63. Kb6 Qd5 64. Kc7 Qb5 65. Kd6 Qxa5 66. Ke7 Qb5 67. Kf6 a5 68.
Ke6 a4 69. Kd6 a3 70. Ke6 a2 71. Kd6 a1=Q 72. Ke6 Qae5+ 73. Kf7 Qbd5+ 74. Kg6 Qde4+ 75. Kf7 Q4f5+ 76. Kg8 Qef4 77. Kg7 Q4g4+ 78. Kh6 Qfh5# 0-1

[Event "Live Chess"]
[Site "Chess.com"]
[Date "2023.05.20"]
[Round "-"]
[White "lightningorderyt"]
[Black "Missedidea"]
[Result "0-1"]
[WhiteElo "522"]
[BlackElo "1801"]
[TimeControl "300"]
[EndTime "13:44:27 PDT"]
[Termination "Missedidea won by checkmate"]

1. d4 Nf6 2. Nc3 c5 3. e3 g6 4.
b3 Bg7 5. Bb2 O-O 6. Bc4 d5 7. Bd3 cxd4 8. exd4 Nc6 9. Nf3 Bg4 10.
Na4 Re8 11. Qe2 e5 12. h3 Bxf3 13. Qxf3 e4 14. Bxe4 dxe4 15. Qc3 Nd5 16. Qc5 e3 17. c4 exf2+ 18. Kf1 Ne3+ 19. Kxf2 Qh4+ 20. g3 Qe4 21. Rab1 Qg2+ 22. Ke1 Nxc4+ 23. Kd1 Qd2# 0-1

[Event "Live Chess"]
[Site "Chess.com"]
[Date "2023.05.20"]
[Round "-"]
[White "blunderabit"]
[Black "Geomorph"]
[Result "1-0"]
[WhiteElo "1844"]
[BlackElo "1249"]
[TimeControl "300"]
[EndTime "13:44:27 PDT"]
[Termination "blunderabit won by resignation"]

1. e4 e5 2. Nf3 Nc6 3. Bb5 Nf6 4.
O-O a6 5. Bxc6 dxc6 6. Nxe5 Qd4 7. Nf3 Bc5 8. Nxd4 Bxd4 9. c3 Bb6 10. d4 O-O 11. e5 Nd5 12. c4 Ne7 13. Be3 Bf5 14. Nc3 Rad8 15. Qb3 Ng6 16. c5 1-0

[Event "Live Chess"]
[Site "Chess.com"]
[Date "2023.05.20"]
[Round "-"]
[White "Goblinbasher"]
[Black "SiDebanks"]
[Result "1-0"]
[WhiteElo "1234"]
[BlackElo "1357"]
[TimeControl "300"]
[EndTime "13:44:28 PDT"]
[Termination "Goblinbasher won on time"]

1. e4 c6 2. Nc3 d5 3. exd5 cxd5 4.
d4 Nc6 5. Nf3 Bg4 6. Be2 e6 7. Bf4 Nf6 8. Ne5 Bxe2 9. Nxe2 Nh5 10.
Nxc6 bxc6 11. Bd2 Bd6 12. c3 Nf6 13. Ng3 Qc7 14. O-O O-O 15. Qf3 c5 16. Bh6 Bxg3 17. fxg3 Ne4 18. Be3 cxd4 19. cxd4 Rab8 20. Rac1 Qb7 21. b3 Qe7 22. Rc2 Rfc8 23. Rfc1 Rxc2 24. Rxc2 g6 25. h4 Qd6 26. Kh2 f5 27. Bf4 Qd8 28.
Bxb8 Qxb8 29. Qf4 Qxf4 30. gxf4 Kf7 31. Rc7+ Kf6 32. Rxh7 Nc3 33. a4 Ne2 34. Rxa7 Nxd4 35.
Kg3 Nxb3 36. Rb7 Nd4 37. a5 Ne2+ 38. Kf3 Nd4+ 39. Kf2 Nc6 40. a6 Na5 41. a7 Nxb7 42. a8=Q Nd6 43. Qf8+ 1-0